 Dungeon Crawl Stone Soup version 0.31-a0-210-gccc998df9b (webtiles) character file.

Game seed: 9040973153913249743

123 qw the Chopper (level 5, 0/32 HPs)
             Began as a Gargoyle Fighter on June 29, 2023.
             Slain by a wight
             ... wielding a +5 hand axe
              (9 damage)
             ... on level 5 of the Dungeon.
             The game lasted 00:00:53 (1606 turns).

qw the Chopper (Gargoyle Fighter)                   Turns: 1606, Time: 00:00:53

Health: 0/32       AC: 10    Str: 21    XL:     5   Next: 7%
Magic:  5/5        EV: 14    Int:  9    God:
Gold:   109        SH:  4    Dex:  9    Spells: 4/4 levels left

rFire   . . .        Y - +0 war axe
rCold   . . .        c - +0 buckler
rNeg    + . .        b - +0 scale mail
rPois   inf          (no helmet)
rElec   +            (no cloak)
rCorr   .            (no gloves)
SInv    .            (no boots)
Will    .....        (no amulet) Stlth
                     k - +5 ring of evasion
HPRegen 0.25/turn    (no ring)
MPRegen 0.09/turn

%: no passive effects
@: no status effects
A: sickness immunity, AC +4, negative energy resistance 1, electricity
resistance, torment resistance 1, petrification resistance
a: no special abilities


You were on level 5 of the Dungeon.
You visited 1 branch of the dungeon, and saw 4 of its levels.

You collected 109 gold pieces.


Innate Abilities, Weirdness & Mutations

You are immune to sickness and miasma.
Your stone body is resilient. (AC +4)
You are immune to poison.
You resist negative energy. (rN+)
You are resistant to electric shocks. (rElec)
You are resistant to unholy torment.
You are immune to petrification.


   Skills:
 - Level 3.2 Fighting
 + Level 4.6 Axes
 - Level 3.2 Armour
 - Level 3.2 Shields


You had 4 spell levels left.
You didn't know any spells.
Your spell library was empty.

Inventory:

Hand Weapons
 e - a +0 mace
 Y - a +0 war axe (weapon)
Armour
 b - a +0 scale mail (worn)
 c - a +0 buckler (worn)
Jewellery
 k - a +5 ring of evasion (left hand)
Scrolls
 h - a scroll of enchant weapon {unknown}
 j - a scroll of amnesia {unknown}
Potions
 a - 2 potions of mutation {unknown}
 d - 2 potions of might
 f - a potion of heal wounds {unknown}
 g - 3 potions of attraction
 i - a potion of curing
 l - 2 potions of brilliance {unknown}

Dungeon Overview and Level Annotations

Branches:
Dungeon (3/15)

Altars:
Zin


Message History

You start resting.
You hear the slow rusting of a distant drain.
HP restored.
You now have 109 gold pieces (gained 10).
l - 2 puce potions
Enter note: A sourceless malevolence fills the Dungeon...
You fall into a shaft and drop 2 floors!
The shaft crumbles and collapses.
You open the door.
There is an open door here.
You open the door. 4 wights come into view.
A wight is wielding a +5 hand axe and wearing a +0 robe of positive energy.
The wight moves out of view.
Waypoint 3 assigned to D:5.
You barely miss the wight.
The wight hits you with a +0 dire flail.
You slash the wight!
The wight is severely damaged.
The wight hits you with a +0 dire flail!
You hit the wight.
You destroy the wight!
You have reached level 5!
You hit the wight.
The wight is moderately damaged.
You block the wight's attack.
You barely miss the wight.
The wight is moderately damaged.
The wight completely misses you.
You barely miss the wight.
The wight is moderately damaged.
You block the wight's attack. The wight hits you with a +5 hand axe!
You hit the wight.
The wight is heavily damaged.
The wight hits you with a +5 hand axe.
You hit the wight.
The wight is severely damaged.
The wight hits you with a +5 hand axe!
You die...

##+######
#.......## #
#......... ..
#......... ...
#.............
##'#####......
##.#####......
#.....@zz.....
##.#####z.....
### ..... ....
... ##


You could see 3 wights.

Vanquished Creatures
  A wight (D:5)
  An adder (D:2)
  3 worms
  2 dart slugs
  3 bats
  4 endoplasms
  3 giant cockroaches
  4 goblins
  3 hobgoblins (D:1)
  4 jackals (D:2)
  5 quokkas
  3 ball pythons
  A frilled lizard (D:1)
  3 kobolds
  7 rats
47 creatures vanquished.

Notes
Turn   | Place    | Note
-------+----------+-------------------------------------------
     0 | D:1      | qw the Gargoyle Fighter began the quest for the Orb.
     0 | D:1      | Reached XP level 1. HP: 14/14 MP: 1/1
     0 | D:1      | 0 ||| qw: Version: 0.3-a-24-ga2abf7b
     0 | D:1      | 0 ||| qw: Game counter: 6928
     0 | D:1      | 0 ||| qw: Melee chars always use a shield: true
     0 | D:1      | 0 ||| qw: God list: Okawaru
     0 | D:1      | 0 ||| qw: Allow faded altars: false
     0 | D:1      | 0 ||| qw: Do Orc after clearing Dungeon:15 true
     0 | D:1      | 0 ||| qw: Do second Lair branch before Depths: true
     0 | D:1      | 0 ||| qw: Lair rune preference: random
     0 | D:1      | 0 ||| qw: Goals: Normal, Zot:1-4, Slime:5, God:TSO, Crypt,
                  | Tomb, Abyss, Pan, Hells, Win
     0 | D:1      | 0 ||| PLANNING D:1-11
    63 | D:1      | Reached skill level 2 in Axes
   120 | D:1      | Reached XP level 2. HP: 18/19 MP: 2/2
   226 | D:1      | 226 ||| Stepping ~*~*~tactically~*~*~ (stealth).
   397 | D:1      | Reached skill level 3 in Axes
   427 | D:1      | 427 ||| DROPPING +0 club.
   540 | D:1      | Found a faded altar of an unknown god.
   618 | D:1      | Reached XP level 3. HP: 23/23 MP: 3/3
   640 | D:1      | 640 ||| READING scroll labelled UTHU BE RATHO.
   641 | D:1      | 641 ||| READING scroll labelled IGYJAWANEB.
   644 | D:1      | 644 ||| READING scroll labelled DIORHU NIGA.
   708 | D:2      | 708 ||| DROPPING +0 whip.
  1203 | D:2      | Reached XP level 4. HP: 25/28 MP: 4/4
  1281 | D:2      | 1281 ||| UPGRADING to +5 ring of evasion.
  1282 | D:2      | 1282 ||| READING scroll labelled DYEWONLUXIPP.
  1283 | D:2      | 1283 ||| READING scroll labelled KINURCH PISCHYEC.
  1384 | D:2      | 1384 ||| DRINKING 4 dark potions.
  1385 | D:2      | 1385 ||| DRINKING 2 bubbling white potions.
  1422 | D:3      | 1422 ||| PLANNING SEWER
  1422 | D:3      | 1422 ||| Stepping ~*~*~tactically~*~*~ (hiding).
  1452 | D:3      | Identified the +2 dagger of Sandy True Grit {holy, rPois
                  | rF+}
  1481 | D:3      | Found a glowing silver altar of Zin.
  1481 | D:3      | Noticed an angel
  1567 | D:3      | Reached skill level 4 in Axes
  1585 | D:3      | You fall into a shaft and drop 2 floors!
  1585 | D:5      | Entered Level 5 of the Dungeon
  1602 | D:5      | Reached XP level 5. HP: 16/32 MP: 5/5
  1606 | D:5      | Slain by a wight

Levels and vault maps discovered:
D:1:      heliophobic_arrival_enchanted_forest, layout_basic,
          shapermc_ecumenical_altar_mp_vishouse, minmay_misc_feat_rows
D:2:      layout_loops_ring, kennysheep_generic_room_15
D:3:      layout_rooms, lemuel_crystal_altar, zin_angel,
          cheibrodos_sewer_entry_drain
D:5:      layout_basic, mainiacjoe_overflow_six_doors_small,
          serial_corexii_hall, chequers_hall_statues_wall_a,
          corexii_hall_statues_t, nicolae_underground_beach

Skill      XL: |  1  2  3  4 |
---------------+-------------+-----
Axes           | 2 3 4 |  4.6
Fighting       | |  3.2
Armour         | |  3.2
Shields        | |  3.2

Action                     |  1- 3 |  4- 6 || total
---------------------------+-------+-------++-------
  Melee: War axe           |   117 |    31 ||   148
    Use: Scroll            |     3 |     2 ||     5
         Potion            |       |     2 ||     2
 Armour: Scale mail        |    72 |     9 ||    81
  Dodge: Dodged            |    53 |    11 ||    64
  Block: Buckler           |    29 |     7 ||    36

Table legend:
 A = Non-vault XP
 B = Vault XP
 C = Vault XP percentage of total XP
 D = Non-vault monster count
 E = Vault monster count
 F = Vault count percentage of total count
                 A         B        C        D         E       F
            +---------+---------+-------+---------+---------+-------
      Total |     172 |       5 |   2.8 |      44 |       3 |   6.4
            +---------+---------+-------+---------+---------+-------
        D:1 |      35 |       0 |   0.0 |      20 |       0 |   0.0
        D:2 |      49 |       3 |   5.8 |      18 |       2 |  10.0
        D:3 |      14 |       2 |  12.5 |       5 |       1 |  16.7
        D:5 |      74 |       0 |   0.0 |       1 |       0 |   0.0
            +---------+---------+-------+---------+---------+-------
